 Dungeon Sprint DCSS version 0.20.1-1-g8b1a95d (webtiles) character file.

161 Kingsmith the Arsonist (level 5, -1/28 HPs)
             Began as a Tengu Fire Elementalist on Dec 14, 2017.
             Was an Initiate of Vehumet.
             Slain by a black bear (3 damage)
             ... in the Dungeon (Sprint V: "Ziggurat Sprint").
             The game lasted 00:02:16 (145 turns).

Kingsmith the Arsonist (Tengu Fire Elementalist)     Turns: 145, Time: 00:02:17

Health: -1/28      AC:  2    Str: 21    XL:     5   Next: 42%
Magic:  15/15      EV: 12    Int: 22    God:    Vehumet [......]
Gold:   0          SH:  0    Dex: 14    Spells: 5/8 levels left

rFire    . . .     SeeInvis .   K - +6 Majin-Bo {vamp, Archmagi MP+6 Int+6}
rCold    . . .     Gourm    .   (shield currently unavailable)
rNeg     . . .     Faith    .   a - +0 robe
rPois    .         Spirit   .   (helmet restricted)
rElec    .         Reflect  .   (no cloak)
rCorr    .         Harm     .   (no gloves)
MR       .....     NoTele   +   (boots unavailable)
Stlth    ++........             (no amulet)
Regen    0.1/turn               B - +6 ring of strength
MPRegen  0.2/turn               C - +6 ring of strength

@: no status effects
A: beak, talons 3, able to fly 1
a: Fly, Renounce Religion


You were in the Dungeon.
You worshipped Vehumet.
Vehumet was noncommittal.
You were not hungry.

You visited 1 branch

Inventory:

Hand Weapons
 K - the +6 Majin-Bo (weapon) {vamp, Archmagi MP+6 Int+6}
   (You found it in the Dungeon)

   It inflicts no extra harm, but heals its wielder when it wounds a living foe.
   It affects your intelligence (+6).
   It affects your magic capacity (+6).
Armour
 a - a +0 robe (worn)
Magical Staves
 H - an uncursed staff of energy
Jewellery
 x - a +6 ring of dexterity
 y - a +6 ring of dexterity
 z - a +6 ring of intelligence
 A - a +6 ring of intelligence
 B - a +6 ring of strength (left hand)
 C - a +6 ring of strength (right hand)
Wands
 D - a wand of disintegration (7/24)
 E - a wand of iceblast (5/15)
 F - a wand of lightning (5/15)
 G - a wand of acid (5/15)
Scrolls
 i - 4 scrolls of blinking
 m - 4 scrolls of amnesia
 p - 3 scrolls of recharging
 q - 7 scrolls of fog
 r - a scroll of holy word
 s - 5 scrolls of identify
 t - 5 scrolls of remove curse
 u - 2 scrolls of fear
Potions
 d - 10 potions of curing
 e - 10 potions of heal wounds
 f - 6 potions of haste
 g - 7 potions of magic
 h - 3 potions of berserk rage
 j - 2 potions of brilliance
 k - 2 potions of invisibility
 l - 4 potions of resistance
 n - 5 potions of agility
 o - 5 potions of might
Books
 b - a book of Flames

   Spells                             Type                      Level
   a - Flame Tongue                   Conjuration/Fire             1
   b - Throw Flame                    Conjuration/Fire             2
   c - Conjure Flame                  Conjuration/Fire             3
   d - Inner Flame                    Hexes/Fire                   3
   e - Sticky Flame                   Conjuration/Fire             4
   f - Fireball                       Conjuration/Fire             5
Miscellaneous
 I - a crystal ball of energy
 J - a lightning rod (2/4)
Comestibles
 c - 4 bread rations
 v - 42 fruits
 w - 4 meat rations


   Skills:
 - Level 2.1 Dodging
 - Level 2.0 Stealth
 - Level 2.0 Spellcasting
 - Level 1.3 Conjurations
 + Level 12.7 Fire Magic


You had 5 spell levels left.
You knew the following spells:

 Your Spells              Type           Power        Failure   Level  Hunger
a - Flame Tongue          Conj/Fire      #####        1%          1    #......
b - Throw Flame           Conj/Fire      #####.       1%          2    ##.....


Dungeon Overview and Level Annotations

Branches:
Dungeon (1/1)

Altars:
Ashenzari
Cheibriados
Dithmenos
Elyvilon
Fedhas
Gozag
Hepliaklqana
Kikubaaqudgha
Makhleb
Nemelex Xobeh
Okawaru
Qazlal
Ru
Sif Muna
Trog
Uskayaw
Vehumet
Xom
Yredelemnul
Zin
The Shining One
Beogh
Jiyva
Lugonu

Annotations:
D 1 transporter


Innate Abilities, Weirdness & Mutations

You have a beak for a mouth.
You have claws for feet.
You can fly.


Message History

* * * LOW HITPOINT WARNING * * *
Evoke which item? (* to show all) (? for menu, Esc to quit)
Aiming: Thunderbolt
Press: ? - help, Shift-Dir - straight line, f/p - spriggan
Aim: a spriggan, wielding a short sword and wearing a robe (severely wounded)
The thunderbolt hits the spriggan.
You kill the spriggan!
Vehumet accepts your kill.
Your Fire Magic skill gained 4 levels and is now at level 12!
You have reached level 3!
Your experience leads to an increase in your attributes!
Your base attributes are Str 8, Int 15, Dex 14.
Increase (S)trength, (I)ntelligence, or (D)exterity?
You feel clever.
You have reached level 4!
You feel stronger.
You have reached level 5!
You have gained the ability to fly.
The black bear bites you.
You die...

▓▓▓▓▓▓▓
▓.8©8.▓
▓.....▓
▓.}.[.▓
▓.....▓
▓.h)..▓
▓..@..▓
▓▓▓▓▓▓▓


You could see a black bear.

Vanquished Creatures
  A spriggan (D)
1 creature vanquished.

Notes
Turn   | Place    | Note
-------+----------+-------------------------------------------
     0 | D        | Kingsmith the Tengu Fire Elementalist began the quest for the Orb.
     0 | D        | Reached XP level 1. HP: 10/10 MP: 4/4
     0 | D        | Found a deep blue altar of Sif Muna.
     0 | D        | Found a bloodstained altar of Trog.
     0 | D        | Found a sacrificial altar of Ru.
     0 | D        | Found a stormy altar of Qazlal.
     0 | D        | Found an iron altar of Okawaru.
     2 | D        | Found a sparkling altar of Nemelex Xobeh.
     3 | D        | Found a blossoming altar of Fedhas.
     5 | D        | Reached skill level 8 in Fire Magic
     5 | D        | Reached XP level 2. HP: 15/15 MP: 6/6
     7 | D        | Found an ancient bone altar of Kikubaaqudgha.
     7 | D        | Found a transporter.
     7 | D        | Found a corrupted altar of Lugonu.
     7 | D        | Found a viscous altar of Jiyva.
     7 | D        | Found a burning altar of Makhleb.
     7 | D        | Found a hazy altar of Hepliaklqana.
     7 | D        | Found an opulent altar of Gozag.
    98 | D        | Became a worshipper of Vehumet
   142 | D        | Learned a level 2 spell: Throw Flame
   143 | D        | Entered arena 2.
   143 | D        | Noticed a black bear
   143 | D        | Noticed a spriggan
   143 | D        | Found a transporter.
   145 | D        | Killed a spriggan
   145 | D        | Reached skill level 12 in Fire Magic
   145 | D        | Reached XP level 3. HP: 1/19 MP: 7/7
   145 | D        | Reached XP level 4. HP: 1/24 MP: 8/8
   145 | D        | Gained mutation: You can fly. [Tengu growth]
   145 | D        | Reached XP level 5. HP: 2/28 MP: 9/9
   145 | D        | Slain by a black bear

Skill      XL: |  1  2 |
---------------+-------+-----
Fire Magic     | 8 12 | 12.7
Dodging        | |  2.1
Stealth        | |  2.0
Spellcasting   | |  2.0
Conjurations   | |  1.3

Action                   |  1- 3 |  4- 6 || total
-------------------------+-------+-------++-------
Evoke: Lightning rod     |     1 |     1 ||     2
  Use: Potion            |     1 |       ||     1
  Eat: Bread ration      |     1 |       ||     1
